 Dungeon Sprint DCSS version 0.29.1-15-g9cfb28693d (webtiles) character file.

Game seed: 11079972608107575706

50 coffeetime the Thaumaturge (level 7, -4/57 HPs)
             Began as a Djinni Fire Elementalist on July 6, 2023.
             Was a Priest of Makhleb.
             Shot with an arrow by a centaur (7 damage)
             ... in the Dungeon (Sprint VI: "Thunderdome").
             The game lasted 00:08:39 (375 turns).

coffeetime the Thaumaturge (DjFE)                    Turns: 375, Time: 00:08:40

Health: -4/57      AC:  4    Str:  7    XL:     7   Next: 67%
Gold:   73         EV: 15    Int: 18    God:    Makhleb [***...] SH:  4 Dex: 18

rFire   + + .      SeeInvis +   (no weapon)
rCold   x . .      Faith    .   m - +0 buckler
rNeg    . . .      Spirit   +   a - +0 robe
rPois   ∞          Reflect  .   (no helmet)
rElec   .          Harm     .   n - +0 cloak
rCorr   .          Rampage  .   l - +0 pair of gloves
Will    .....      NoTele   +   (boots unavailable)
Stlth   ++........              k - amulet "Lesey" {Spirit Dex+4 Slay+2 SInv}
HPRegen 0.19/turn               (no ring)
MPRegen 0.00/turn               (no ring)

@: flying
A: sickness immunity, fire resistance 2, cold vulnerability 1, float, innate
caster, HP casting, extra vitality 1
a: Renounce Religion, Minor Destruction, Lesser Servant of Makhleb


You were in the Dungeon.
You worshipped Makhleb.
Makhleb was most pleased with you.
You visited 1 branch You collected 280 gold pieces.
You spent 207 gold pieces at shops.

Inventory:

Armour
 a - a +0 robe (worn)
 l - a +0 pair of gloves (worn)
 m - a +0 buckler (worn)
 n - a +0 cloak (worn)
Jewellery
 k - the amulet "Lesey" (around neck) {Spirit Dex+4 Slay+2 SInv}
   (You bought it in a shop in the Dungeon)

   [amulet of guardian spirit]

   It causes incoming damage to be divided between your reserves of health and
   magic.
   Dex:       It affects your dexterity (+4).
   Slay:      It affects your accuracy & damage with ranged weapons and melee
   (+2).
   SInv:      It lets you see invisible.
Wands
 h - a wand of light (4)
 i - a wand of roots (1) (quivered)
Scrolls
 f - 4 scrolls of blinking
 j - 3 scrolls of butterflies
Potions
 b - a potion of curing
 d - 4 potions of haste
 e - a potion of berserk rage
 g - a potion of resistance


   Skills:
 * Level 6.7 Fighting
 + Level 5.9 Dodging
 - Level 1.5 Stealth
 + Level 9.0 Spellcasting
 - Level 6.5 Evocations


You had 6 spell levels left.
You knew the following spells:

 Your Spells              Type           Power      Damage    Failure   Level
a - Foxfire               Conj/Fire      100%       2x1d9     1%          1
b - Scorch                Fire           80%        2d9       1%          2
c - Conjure Flame         Conj/Fire      40%        6-21      1%          3
d - Inner Flame           Hex/Fire       40%        N/A       1%          3
e - Flame Wave            Conj/Fire      40%        2d11      2%          4
f - Blink                 Tloc           80%        N/A       1%          2
g - Poisonous Vapours     Pois/Air       80%        N/A       1%          2
p - Magic Dart            Conj           100%       1d8       1%          1
Your spell library was empty.

Dungeon Overview and Level Annotations

Branches:
Dungeon (1/1)

Altars:
Cheibriados
Dithmenos
Fedhas
Gozag
Makhleb
Okawaru
Qazlal
Ru
Trog
Uskayaw
Wu Jian
Xom
Yredelemnul
Zin
The Shining One
Lugonu

Shops:
D *[??*?*:[((!!!!


Innate Abilities, Weirdness & Mutations

You are immune to sickness and miasma.
You are immune to poison.
Your flesh is very heat resistant. (rF++)
You are vulnerable to cold. (rC-)
You float through the air rather than walking.
You learn spells naturally, not from books.
Your magical power is your life essence.
You have superior vitality. (+4 MHP)


Message History

The merfolk's fire resistance burns away.
* * * LOW HITPOINT WARNING * * *
An arrow appears from out of your range of vision.
The arrow hits your hellwing but does no damage.
The merfolk closely misses you.
Your hellwing hits the merfolk. x2
Casting: Scorch (safe; 1% risk of failure)
Confirm with . or Enter, or press ? or * to list all spells.
Flames lash the merfolk but do no damage.
* * * LOW HITPOINT WARNING * * *
An arrow appears from out of your range of vision.
The arrow barely misses your hellwing.
The merfolk hits you from afar with a +0 trident of protection!
* * * LOW HITPOINT WARNING * * *
A centaur comes into view. It is wielding a +0 shortbow.
Your hellwing hits the merfolk! Your hellwing hits the merfolk.
Your hellwing disappears in a puff of smoke!
There is an entrance to Hyqebucw's Basic Armour here.
You feel much better. The merfolk closely misses you.
Casting: Scorch (safe; 1% risk of failure)
Confirm with . or Enter, or press ? or * to list all spells.
Okay, then.
The merfolk is no longer more vulnerable to fire.
There is a spawn point here.
Casting: Scorch (safe; 1% risk of failure)
Confirm with . or Enter, or press ? or * to list all spells.
Casting: Flame Wave (dangerous; 2% risk of failure)
Press: ? - help, Dir - look around, f - activate A wave of flame ripples out! (Press . to intensify the flame waves.)
The centaur shouts!
The merfolk hits you from afar with a +0 trident of protection!!
* * * LOW HITPOINT WARNING * * *
A wave of flame ripples out!
The flame wave engulfs the merfolk.
The merfolk is almost dead.
* * * LOW HITPOINT WARNING * * *
The merfolk looks more healthy.
The centaur shoots an arrow.
The arrow hits you.
* * * LOW HITPOINT WARNING * * *
The merfolk barely misses you.
The centaur shoots an arrow.
The arrow hits you!
You die...

#⌠.).÷)[.....⌠#
###.........###
#_......._#
#_......._#
#...c...._#
#∩.......∩#
##∩...m.∩##
##.....##
##⌠⌠@## #####


You could see a merfolk and a centaur.

Vanquished Creatures
  Sigmund (D)
  2 redbacks (D)
  2 scorpions (D)
  A killer bee (D)
  Terence (D)
  An orc (D)
  A hobgoblin (D)
  A bat (D)
  A goblin (D)
11 creatures vanquished.

Vanquished Creatures (others)
  31 foxfires (D)
31 creatures vanquished.

Grand Total: 42 creatures vanquished

Notes
Turn   | Place    | Note
-------+----------+-------------------------------------------
     0 | D        | coffeetime the Djinni Fire Elementalist began the quest for
                  | the Orb.
     0 | D        | coffeetime set off with the following spells memorised:
                  | Foxfire, Scorch, Conjure Flame, Inner Flame, Flame Wave.
     0 | D        | Reached XP level 1. HP: 15/15 MP: 0/0
     0 | D        | Found a corrupted altar of Lugonu.
     0 | D        | Found a shimmering altar of Xom.
     3 | D        | Found a snail-covered altar of Cheibriados.
     4 | D        | Found a glowing golden altar of the Shining One.
     4 | D        | Found a blossoming altar of Fedhas.
     5 | D        | Found a shadowy altar of Dithmenos.
     5 | D        | Found a stormy altar of Qazlal.
     5 | D        | Round 1.
     6 | D        | Found Jeteenua's Identification Station.
     6 | D        | Found a burning altar of Makhleb.
     7 | D        | Found Tebi's Advanced Armour.
     7 | D        | Found Ocaomeso's Jewellery.
    14 | D        | Became a worshipper of Makhleb the Destroyer
    16 | D        | Found an ornate altar of the Wu Jian Council.
    17 | D        | Found a basalt altar of Yredelemnul.
    18 | D        | Found Eledghodu's Magic Scroll Shop.
    19 | D        | Found a hide-covered altar of Uskayaw.
    19 | D        | Found Xos Mes's Staff Store.
    19 | D        | Found Pauc's Magic Scroll Shop.
    19 | D        | Found Exeuw's Must-Have Magic.
    25 | D        | Found an opulent altar of Gozag.
    26 | D        | Found Namoakec's Distillery.
    27 | D        | Found Wefoxtaa's Distillery.
    27 | D        | Found Ipsiel's Bottled Wisdom.
    27 | D        | Found a glowing silver altar of Zin.
    27 | D        | Found an iron altar of Okawaru.
    27 | D        | Found Emizxeux's Do-It-Yourself Clinic.
    31 | D        | Found a sacrificial altar of Ru.
    33 | D        | Found a bloodstained altar of Trog.
    34 | D        | Found Juthowit's Weapon Rack.
    35 | D        | Found Araozunt's Premium Goods.
    35 | D        | Found Hyqebucw's Basic Armour.
    35 | D        | Found Evap's Miscellaneous Merchandise.
    63 | D        | Noticed Terence
    76 | D        | Killed Terence
    76 | D        | Reached * piety under Makhleb
    77 | D        | Reached skill level 4 in Spellcasting
    77 | D        | Reached XP level 2. HP: 2/23 MP: 0/0
    77 | D        | Reached XP level 3. HP: 3/28 MP: 0/0
    77 | D        | Learned a level 1 spell: Magic Dart
   143 | D        | Noticed Sigmund
   158 | D        | Killed Sigmund
   158 | D        | Reached ** piety under Makhleb
   158 | D        | Arena points: 14 (+14) [x2]
   159 | D        | Reached skill level 6 in Spellcasting
   159 | D        | Reached XP level 4. HP: 32/38 MP: 0/0
   159 | D        | Reached XP level 5. HP: 35/42 MP: 0/0
   159 | D        | Learned a level 2 spell: Blink
   159 | D        | Reached XP level 6. HP: 40/48 MP: 0/0
   201 | D        | Round 2.
   208 | D        | Noticed a redback
   218 | D        | Reached skill level 5 in Fighting
   218 | D        | Reached skill level 7 in Spellcasting
   224 | D        | Killed a redback
   225 | D        | Reached skill level 5 in Dodging
   225 | D        | Reached skill level 8 in Spellcasting
   225 | D        | Reached skill level 5 in Evocations
   232 | D        | Reached XP level 7. HP: 23/56 MP: 0/0
   232 | D        | Learned a level 2 spell: Poisonous Vapours
   263 | D        | Noticed a redback
   268 | D        | Reached *** piety under Makhleb
   272 | D        | Killed a redback
   272 | D        | Arena points: 50 (+36) [x3]
   273 | D        | Reached skill level 9 in Spellcasting
   302 | D        | Bought a heavily runed sapphire amulet for 45 gold pieces
   302 | D        | Identified the amulet "Lesey" {Spirit Dex+4 Slay+2 SInv}
                  | (You bought it in a shop in the Dungeon)
   329 | D        | Round 3.
   330 | D        | Noticed a cyclops
   332 | D        | Bought a +0 pair of gloves for 54 gold pieces
   332 | D        | Bought a +0 buckler for 54 gold pieces
   332 | D        | Bought a +0 cloak for 54 gold pieces
   356 | D        | Noticed a merfolk
   369 | D        | HP: 1/57 [merfolk/+0 trident of protection (13)]
   375 | D        | Shot with an arrow by a centaur

Illustrated notes

Levels and vault maps discovered:
D:        arena_sprint

Skill      XL: |  1  2  3  4  5  6  7 |
---------------+----------------------+-----
Fighting       | 2 4 6 |  6.7
Dodging        | 3 4 5 |  5.9
Spellcasting   | 4 6 8 9 |  9.0
Evocations     | 2 4 6 |  6.5
Stealth        | |  1.5

Action                   |  1- 3 |  4- 6 |  7- 9 || total
-------------------------+-------+-------+-------++-------
 Cast: Foxfire           |    11 |     3 |     5 ||    19
       Flame Wave        |       |     4 |     1 ||     5
       Scorch            |       |       |     5 ||     5
       Poisonous Vapours |       |       |     1 ||     1
Invok: Lesser Servant of |       |       |     1 ||     1
Evoke: Wand              |     5 |       |       ||     5
  Use: Potion            |     2 |       |     2 ||     4
Armor: Robe              |       |     3 |     1 ||     4
Dodge: Dodged            |     3 |     6 |     3 ||    12
